 Dungeon Crawl Stone Soup version bcrawl-1.18.1 (webtiles) character file.

Game seed: 9465516564442584535

11812 JackS81 the Fighter (level 11, -1/105 HPs)
             Began as a Sand Dwarf Sloth Apostle on Nov 8, 2019.
             Was the Champion of Cheibriados.
             Slain by a water moccasin (8 damage)
             ... on level 2 of the Lair of Beasts on Nov 9, 2019.
             The game lasted 00:52:17 (10525 turns).

JackS81 the Fighter (Sand Dwarf Sloth Apostle)     Turns: 10525, Time: 00:52:18

Health: -1/105     AC: 13    Str: 35    XL:     11   Next: 83%
Magic:  15/15      EV: 12    Int: 28    God:    Cheibriados [******]
Gold:   551        SH:  0    Dex: 27    Spells: 6/12 levels left

rFire    + . .     SeeInvis .   K - +3 whip (holy)
rCold    + . .     Gourm    .   (shield restricted)
rNeg     . . .     Faith    .   E - +2 scale mail {rC+}
rPois    +         Spirit   .   (no helmet)
rElec    .         Reflect  .   (no cloak)
rCorr    .         Harm     .   (no gloves)
MR       +....                  (no boots)
Stlth    ++........             C - amulet of regeneration
HPRegen  0.67/turn              n - +2 ring of strength
MPRegen  0.14/turn              y - ring of protection from fire

@: lethally poisoned (-1 -> -1), about to teleport, very slow
A: small, icy blue scales 1, low mp 1, poison resistance, slowness 1, armour
attunement
a: Bend Time, Temporal Distortion, Slouch, Step From Time, Renounce Religion


You were on level 2 of the Lair of Beasts.
You worshipped Cheibriados.
Cheibriados was exalted by your worship.
You were not hungry.

You visited 2 branches of the dungeon, and saw 10 of its levels.

You collected 551 gold pieces.

Inventory:

Hand Weapons
 a - a +0 mace
 g - a +0 whip
 k - a +2 dagger of holy wrath
 J - a +0 morningstar of flaming
 K - a +3 whip of holy wrath (weapon)
Missiles
 h - 1499 arrows
 o - 632 sling bullets
 t - 209 bolts
 v - 2826 stones
 z - a throwing net {!f}
 B - 87 tomahawks (quivered)
 D - 49 tomahawks of dispersal
Armour
 c - a +0 shield
 i - the +1 ring mail of the Leaf {-Cast rF++ SInv}
   (You found it on level 4 of the Dungeon)

   It greatly protects you from fire.
   It lets you see invisible.
   It prevents spellcasting.
 r - a +0 ring mail of cold resistance
 E - a +2 scale mail of cold resistance (worn)
Jewellery
 n - a +2 ring of strength (left hand)
 p - an uncursed ring of ice
 w - an uncursed amulet of guardian spirit
 y - a ring of protection from fire (right hand)
 C - an amulet of regeneration (around neck)
Wands
 b - a wand of random effects (16)
 d - a wand of paralysis (3)
 q - a wand of flame (16)
Scrolls
 e - 9 scrolls of teleportation
 j - 4 scrolls of identify
 s - 6 scrolls of remove curse
 u - a scroll of blinking
 x - a scroll of amnesia
 A - 3 scrolls of enchant weapon
 I - a scroll of enchant armour
Potions
 l - 2 potions of flight
Comestibles
 f - 13 rations {!d}
 m - 4 chunks of flesh


   Skills:
 * Level 12.4 Fighting
 * Level 12.3 Maces & Flails
 * Level 12.2 Armour
 - Level 2.4 Stealth
 - Level 2.0 Shields
 - Level 1.0 Spellcasting
 - Level 3.0 Hexes
 * Level 0.7 Invocations
 * Level 7.7 Evocations


You had 6 spell levels left.
You knew the following spells:

 Your Spells              Type           Power        Failure   Level  Hunger
a - Slow                  Hex            ###.....     3%          1    ##.....
b - Ensorcelled Hibernat  Hex/Ice        #.....       9%          2    ###....
c - Tukima's Dance        Hex            ###.....     9%          3    ####...

Your spell library contained the following spells:

 Spells                   Type           Power        Failure   Level  Hunger
 Corona                   Hex            ###....      3%          1    ##.....
 Confuse                  Hex            ###.....     9%          3    ####...
 Magic Dart               Conj           #...         10%         1    ##.....
 Searing Ray              Conj           #.....       16%         2    ###....
 Dazzling Spray           Conj/Hex       #.....       16%         3    ####...
 Iskenderun's Mystic Bla  Conj           #.......     30%         3    ####...
 Fulminant Prism          Conj/Hex       #.........   47%         4    #####..
 Ice Form                 Ice/Tmut       #.......     69%         4    #####..
 Metabolic Englaciation   Hex/Ice        #.........   83%         5    ######.
 Irradiate                Conj/Tmut      #.........   95%         5    ######.
 Bolt of Cold             Conj/Ice       #.........   100%        6    #######
 Freezing Cloud           Ice/Air        #.........   100%        6    #######
 Ozocubu's Refrigeration  Ice            #.........   100%        6    #######
 Simulacrum               Ice/Necr       #.........   100%        6    #######


Dungeon Overview and Level Annotations

Branches:
Dungeon (8/12)             Temple (0/1) D:4            Lair (2/6) D:8
  Snake (0/3) Lair:2
  Swamp: Lair:2-4    Shoals: Lair:2-4       Orc: D:8-11

Altars:
Cheibriados
Dithmenos
Elyvilon
Fedhas
Kikubaaqudgha
Nemelex Xobeh
Okawaru
Vehumet
Zin

Shops:
D:6 (


Innate Abilities, Weirdness & Mutations

You are small and have problems with some larger weapons.
You cover ground slowly.
Armour does not affect your spellcasting.
You are partially covered in icy blue scales. (AC +2)
Your magical capacity is low. (-10% MP)
Your system is resistant to poisons. (rPois)


Message History

The water moccasin closely misses you.
You fail to use your ability.
You feel sick.
The adder hisses angrily.
The water moccasin bites you.
* * * LOW HITPOINT WARNING * * *
The water moccasin barely misses you.
The water moccasin bites you but does no damage.
You fail to use your ability.
The water moccasin barely misses you.
The water moccasin bites you but does no damage.
The water moccasin barely misses you.
As you read the scroll of teleportation, it crumbles to dust.
You feel strangely unstable.
The water moccasin bites you but does no damage.
The water moccasin closely misses you.
You feel sick. The water moccasin closely misses you.
The water moccasin bites you but does no damage. x3
You hit the adder.
The adder is moderately wounded.
The water moccasin bites you!
You die...

##...# . #....#
P.####)..##
....#...##
#....#..#
.#......#
#..P....## ###
...P.>P.SP#...##.
..#.....S@S....P.
P.####...###P....
#..## #### #...
#P.. #.#.. ###..


You could see 2 water moccasins and an adder.

Vanquished Creatures
  Fannar (Lair:1)
  A hydra (Lair:1)
  A two-headed ogre (D:8)
  A deep elf mage (D:8)
  A black mamba (Lair:2)
  Joseph (Lair:1)
  3 cane toads (Lair:1)
  A komodo dragon (Lair:1)
  A hippogriff (D:3)
  A centaur simulacrum (D:8)
  Sigmund (D:5)
  Grum (D:8)
  15 yaks
  A hungry ghost (D:8)
  Menkaure (D:4)
  7 water moccasins
  3 sky beasts
  2 orc warriors (D:7)
  2 porcupines (Lair:1)
  A black bear (D:8)
  2 ice beasts
  A phantom (D:4)
  3 wolves (D:8)
  3 ogres
  A crocodile (Lair:1)
  2 centaurs
  9 bullfrogs
  A big kobold (D:7)
  A gnoll sergeant (D:8)
  A water moccasin zombie (D:8)
  5 scorpions
  A water moccasin skeleton (D:7)
  6 crimson imps
  2 jellies
  2 orc priests
  4 hounds
  5 orc wizards
  A bullfrog skeleton (D:5)
  3 iguanas
  5 worker ants
  A killer bee zombie (D:6)
  A hound skeleton (D:4)
  A worker ant zombie (D:6)
  5 gnolls (D:8)
  2 howler monkey skeletons (D:7)
  10 adders
  2 shadow imps
  2 oozes
  An adder skeleton (D:3)
  4 worms
  4 dart slugs
  4 leopard geckos
  32 orcs
  2 ball pythons
  2 giant cockroaches
  6 goblins
  11 hobgoblins
  15 jackals
  12 kobolds
  9 quokkas
  6 bats
  4 frilled lizards
  6 rats
246 creatures vanquished.

Vanquished Creatures (others)
  An orc (D:7)
  2 fungi
3 creatures vanquished.

Grand Total: 249 creatures vanquished

Notes
Turn   | Place    | Note
-------+----------+-------------------------------------------
     0 | D:1      | JackS81 the Sand Dwarf Sloth Apostle began the quest for
                  | the Orb.
     0 | D:1      | Reached XP level 1. HP: 18/18 MP: 2/2
   287 | D:1      | Reached XP level 2. HP: 11/25 MP: 3/3
   474 | D:1      | Reached skill level 1 in Armour
   616 | D:1      | Reached XP level 3. HP: 29/30 MP: 4/4
   634 | D:1      | Reached * piety under Cheibriados
  1437 | D:2      | Reached skill level 5 in Maces & Flails
  1437 | D:2      | Reached XP level 4. HP: 33/38 MP: 5/5
  1827 | D:2      | Found a blossoming altar of Fedhas.
  1827 | D:2      | Found an ancient bone altar of Kikubaaqudgha.
  1874 | D:2      | Reached ** piety under Cheibriados
  2173 | D:3      | Reached XP level 5. HP: 43/45 MP: 6/6
  2180 | D:3      | Learned a level 2 spell: Ensorcelled Hibernation
  2227 | D:3      | Noticed a hippogriff
  2233 | D:3      | Gained mutation: You are dopey. (Int -2) [potion of
                  | mutation]
  2233 | D:3      | Gained mutation: Your system is resistant to poisons.
                  | (rPois) [potion of mutation]
  2233 | D:3      | Gained mutation: You are partially covered in iridescent
                  | scales. (AC +2) [potion of mutation]
  2240 | D:3      | Killed a hippogriff
  2240 | D:3      | Reached skill level 1 in Hexes
  2240 | D:3      | Reached XP level 6. HP: 12/52 MP: 6/8
  2776 | D:3      | Reached *** piety under Cheibriados
  2935 | D:3      | Found a sparkling altar of Nemelex Xobeh.
  3122 | D:4      | Noticed a sky beast
  3142 | D:4      | Killed a sky beast
  3142 | D:4      | Reached XP level 7. HP: 29/59 MP: 9/9
  3479 | D:4      | Found a snail-covered altar of Cheibriados.
  3715 | D:4      | Found a staircase to the Ecumenical Temple.
  3797 | D:4      | Got a transparent ring mail
  3811 | D:4      | Identified the +1 ring mail of the Leaf {-Cast rF++ SInv}
                  | (You found it on level 4 of the Dungeon)
  3831 | D:4      | Noticed Menkaure
  3847 | D:4      | Killed Menkaure
  3851 | D:4      | Reached skill level 5 in Armour
  3952 | D:4      | Reached XP level 8. HP: 41/67 MP: 10/10
  4089 | D:4      | Found a shadowy altar of Dithmenos.
  4110 | D:4      | Reached skill level 5 in Fighting
  4273 | D:5      | Entered Level 5 of the Dungeon
  4745 | D:5      | Reached **** piety under Cheibriados
  4824 | D:5      | Noticed Sigmund
  4833 | D:5      | Killed Sigmund
  4833 | D:5      | Reached skill level 10 in Maces & Flails
  4883 | D:5      | Found a radiant altar of Vehumet.
  5177 | D:6      | Found an iron altar of Okawaru.
  5294 | D:6      | Reached XP level 9. HP: 75/75 MP: 11/11
  5313 | D:6      | Learned a level 3 spell: Tukima's Dance
  5587 | D:6      | Found Ygguamn's Weapon Emporium.
  6624 | D:7      | Reached ***** piety under Cheibriados
  7399 | D:8      | Reached XP level 10. HP: 88/88 MP: 13/13
  7419 | D:8      | Noticed a deep elf mage
  7446 | D:8      | Killed a deep elf mage
  7446 | D:8      | Reached skill level 5 in Evocations
  7516 | D:8      | Got a bloodstained ring mail
  7525 | D:8      | Identified the cursed +1 ring mail of Wariness {SInv
                  | Stlth+} (You found it on level 8 of the Dungeon)
  7622 | D:8      | Noticed a two-headed ogre
  7645 | D:8      | Killed a two-headed ogre
  7810 | D:8      | Found a radiant altar of Vehumet.
  7810 | D:8      | Found a glowing silver altar of Zin.
  7810 | D:8      | Found a white marble altar of Elyvilon.
  7855 | D:8      | HP: 2/91 [gnoll sergeant/+1 glaive of distortion (23)]
  7988 | D:8      | Found a staircase to the Lair.
  8114 | D:8      | Reached skill level 10 in Armour
  8168 | D:8      | Reached skill level 10 in Fighting
  8344 | D:8      | Noticed Grum
  8366 | D:8      | Killed Grum
  8724 | Lair:1   | Entered Level 1 of the Lair of Beasts
  8738 | Lair:1   | Reached XP level 11. HP: 84/101 MP: 15/15
  8839 | Lair:1   | Noticed Joseph
  8878 | Lair:1   | Killed Joseph
  9057 | Lair:1   | Reached ****** piety under Cheibriados
  9210 | Lair:1   | Noticed Fannar
  9210 | Lair:1   | Noticed a four-headed hydra
  9528 | Lair:1   | Lost mutation: You are dopey. (Int -2) [potion of mutation]
  9528 | Lair:1   | Lost mutation: You are partially covered in iridescent
                  | scales. (AC +2) [potion of mutation]
  9528 | Lair:1   | Gained mutation: Your magical capacity is low. (-10% MP)
                  | [potion of mutation]
  9528 | Lair:1   | Gained mutation: You are partially covered in icy blue
                  | scales. (AC +2) [potion of mutation]
  9743 | Lair:1   | Killed Fannar
  9910 | Lair:1   | Killed a four-headed hydra
 10467 | Lair:2   | Found a staircase to the Snake Pit.
 10521 | Lair:2   | HP: 5/105 [water moccasin (2)]
 10525 | Lair:2   | Slain by a water moccasin

Skill      XL: |  1  2  3  4  5  6  7  8  9 10 11 |
---------------+----------------------------------+-----
Armour         | 1 2 3 5 6 8 10 12 | 12.2
Evocations     | 2 3 4 6 7 |  7.7
Maces & Flails | 5 6 7 8 10 12 | 12.3
Fighting       | 3 4 5 7 10 12 | 12.4
Hexes          | 1 2 3 |  3.0
Stealth        | |  2.4
Shields        | |  2.0
Spellcasting   | |  1.0
Invocations    | |  0.7

Action                   |  1- 3 |  4- 6 |  7- 9 | 10-12 || total
-------------------------+-------+-------+-------+-------++-------
Melee: Mace              |   208 |   158 |   428 |       ||   794
       Whip              |       |       |    62 |   506 ||   568
Throw: Stone             |       |       |     1 |       ||     1
       Throwing net      |       |       |     1 |       ||     1
       Tomahawk          |       |       |     4 |    11 ||    15
 Cast: Slow              |       |       |     5 |    42 ||    47
       Tukima's Dance    |       |       |     2 |     5 ||     7
       Ensorcelled Hiber |       |       |     1 |    11 ||    12
Invok: Bend Time         |       |     1 |       |       ||     1
Evoke: Wand              |       |     1 |     2 |     4 ||     7
  Use: Scroll            |     1 |     2 |    13 |     4 ||    20
       Potion            |       |     5 |     5 |     3 ||    13
 Stab: Paralysed         |       |     2 |     6 |     5 ||    13
       Sleeping          |       |     1 |     3 |     4 ||     8
  Eat: Chunk             |     1 |     3 |    10 |     9 ||    23
Armor: Robe              |    26 |       |       |       ||    26
       Scale mail        |    53 |    45 |    22 |   141 ||   261
       Ring mail         |       |    16 |   132 |       ||   148
       Skin              |       |       |     5 |    15 ||    20
Dodge: Dodged            |    82 |    47 |   249 |   198 ||   576
Block: Shield            |   116 |    83 |   109 |       ||   308
